 Dungeon Crawl Stone Soup version 0.18.1-50-g88ac8fd (webtiles) character file.

74 Neder the Chopper (level 4, 34/35 HPs)
             Began as a Demonspawn Fighter on Oct 29, 2016.
             Quit the game on level 2 of the Dungeon.
             The game lasted 00:01:55 (1214 turns).

Neder the Chopper (Demonspawn Fighter)              Turns: 1214, Time: 00:01:55

Health: 34/35      AC:  6    Str: 17    XL:     4   Next: 10%
Magic:  4/4        EV:  6    Int: 10    God:
Gold:   45         SH:  8    Dex: 12    Spells: 0 memorised, 3 levels left

rFire  . . .     SeeInvis .     a - +0 war axe
rCold  . . .     Gourm    .     b - +0 scale mail
rNeg   . . .     Faith    .     c - +0 shield
rPois  .         Spirit   .     (no helmet)
rElec  .         Dismiss  .     (no cloak)
rCorr  .         Reflect  .     (no gloves)
SustAt .         Harm     .     (no boots)
MR     .....                    (no amulet)
Stlth  ..........               (no ring)
                                (no ring)

@: not resistant to hostile enchantments, extremely unstealthy
A: powered by pain 1
a: no special abilities


You were on level 2 of the Dungeon.
You were very hungry.

You visited 1 branch of the dungeon, and saw 2 of its levels.

You collected 45 gold pieces.

Inventory:

Hand Weapons
 a - a +0 war axe (weapon)
Armour
 b - a +0 scale mail (worn)
 c - a +0 shield (worn)
Scrolls
 e - 3 scrolls of identify {unknown}
 h - 2 scrolls of remove curse {unknown}
 i - a scroll of blinking {unknown}
 j - a scroll of amnesia {unknown}
 l - 2 scrolls of recharging {unknown}
 n - a scroll of immolation {unknown}
 p - a scroll of teleportation {unknown}
 q - a scroll of magic mapping {unknown}
 r - a scroll of noise {unknown}
 s - a scroll of fog {unknown}
Potions
 d - a potion of might
 k - 2 potions of cancellation {unknown}
 m - a potion of curing {unknown}
 o - 2 potions of heal wounds {unknown}
Comestibles
 f - a bread ration
 g - 3 meat rations


   Skills:
 - Level 3.0 Fighting
 + Level 4.0 Axes
 - Level 2.6 Armour
 - Level 2.6 Shields


You had 3 spell levels left.
You didn't know any spells.

Dungeon Overview and Level Annotations

Branches:
Dungeon (2/15)

Altars:
Dithmenos


Innate Abilities, Weirdness & Mutations

You sometimes gain a little power by taking damage.


Message History

You kill the giant newt!
You hit the kobold.
The kobold is moderately wounded.
The kobold hits you but does no damage.
You hit the kobold.
You kill the kobold!
No target in view!
No target in view!
You see here a giant newt corpse.
There is a stone staircase leading up here.
Done exploring.
Done exploring.
Done exploring.
Done exploring.
No target in view!
No target in view!
No target in view!
Done exploring.
Done exploring.
Are you sure you want to abandon this character and quit the game? (Confirm with "yes".)

#.### # #...## #
##...#####
#.........
##...##### #..##
#..# ###########..#
#.@..........#
#.#########.## #.#
#.# ##.# #.# #..#
#.#### #†#######
#..<.#
#.).....#######.####
#..####.....###.##..
#..# #.###.##...#.#


There were no monsters in sight!

Vanquished Creatures
  4 adders (D:2)
  An ooze (D:2)
  3 dart slugs
  A bat (D:2)
  3 giant cockroaches
  2 goblins (D:2)
  2 hobgoblins (D:1)
  3 jackals (D:1)
  4 kobolds
  A quokka (D:2)
  4 giant newts
  A rat (D:1)
29 creatures vanquished.

Vanquished Creatures (others)
  4 toadstools (D:1)
4 creatures vanquished.

Grand Total: 33 creatures vanquished

Notes
Turn   | Place    | Note
--------------------------------------------------------------
     0 | D:1      | Neder the Demonspawn Fighter began the quest for the Orb.
     0 | D:1      | Reached XP level 1. HP: 18/18 MP: 1/1
    11 | D:1      | Reached skill level 2 in Axes
    46 | D:1      | Gained mutation: You sometimes gain a little power by taking damage. [demonic ancestry]
    46 | D:1      | Reached XP level 2. HP: 17/24 MP: 2/2
   447 | D:2      | Reached skill level 3 in Axes
   506 | D:2      | Reached XP level 3. HP: 14/29 MP: 3/3
   812 | D:2      | Found a shadowy altar of Dithmenos.
   997 | D:2      | Reached skill level 4 in Axes
   997 | D:2      | Reached XP level 4. HP: 33/35 MP: 4/4
  1214 | D:2      | Quit the game

Skill      XL: |  1  2  3 |
---------------+----------+-----
Axes           | 2 3 4 |  4.0
Fighting       | |  3.0
Armour         | |  2.6
Shields        | |  2.6

Action                   |  1- 3 |  4- 6 || total
-------------------------+-------+-------++-------
Melee: War axe           |   106 |    21 ||   127
Armor: Scale mail        |    48 |    13 ||    61
Dodge: Dodged            |    37 |     9 ||    46
Block: Shield            |    43 |    13 ||    56
